Map: Kairos Junction LE

Players

YorkiePud - Winner!

  • Race: Zerg Zerg
  • League: Diamond
  • Spawn Location: 11:00

ZanyeEast

  • Race: Terran Terran
  • League: Diamond
  • Spawn Location: 5:00

VOD

Have the link to the VOD?

Description

Time

  • Played on: Feb. 26, 2019, 4:04 p.m.
  • Length: 18:38
Show
View Real Time Build Order
Export as new Build Order

YorkiePud Zerg - Winner!

Build Orders: Hatch First 

Get SALT Encoding   

  12  0:01  Drone  
  13  0:16  Drone  
  13  0:17  Overlord  
  14  0:42  Hatchery  
  13  0:45  Drone  
  14  0:50  Drone  
  15  0:58  Drone  
  16  1:12  Spawning Pool  
  16  1:14  Drone  
  16  1:17  Drone  
  17  1:29  Drone  
  17  1:31  Extractor  
  17  1:32  Drone  
  18  1:45  Drone  
  19  1:51  Hatchery  
  18  1:55  Drone  
  19  2:03  Queen  
  19  2:06  Zergling x2  
  22  2:10  Zergling x2  
  22  2:15  Drone  
  24  2:17  Drone  
  24  2:21  Drone  
  26  2:26  Overlord  
  26  2:30  Drone  
  27  2:37  Drone  
  27  2:44  Queen  
  27  2:47  Metabolic Boost  
  27  2:50  Drone  
  30  2:53  Drone  
  30  2:56  Drone  
  30  2:57  Drone  
  33  3:03  Overlord  
  33  3:06  Drone  
  33  3:08  Drone  
  33  3:11  Drone  
  33  3:12  Drone  
  37  3:16  Drone  
  37  3:17  Drone  
  39  3:26  Queen  
  41  3:28  Drone x2  
  43  3:36  Queen  
  43  3:37  Drone x2  
  43  3:41  Overlord  
  47  3:43  Drone  
  47  3:45  Drone  
  49  3:52  Evolution Chamber  
  49  3:53  Drone  
  49  3:57  Overlord  
  49  3:59  Overlord  
  49  4:01  Drone  
  49  4:02  Drone x2  
  52  4:09  Zergling x10  
  57  4:15  Queen  
  59  4:27  Queen, Drone  
  59  4:28  Drone  
  59  4:29  Drone x3  
  59  4:30  Lair  
  66  4:32  Zerg Missile Weapons Level 1  
  66  4:33  Drone  
  67  4:42  Baneling Nest  
  67  4:44  Drone  
  67  4:45  Roach Warren, Drone x4  
  70  4:48  Drone, Extractor  
  70  4:49  Extractor  
  69  5:00  Drone x4  
  69  5:01  Overlord  
  69  5:03  Overlord  
  69  5:05  Overlord  
  73  5:14  Spore Crawler x2  
  71  5:23  Overlord  
  71  5:27  Overlord  
  71  5:28  Zergling x2  
  71  5:29  Zergling x12, Spore Crawler, Glial Reconstitution  
  71  5:30  Centrifical Hooks  
  71  5:32  Baneling x2  
  71  5:35  Drone x6  
  83  5:37  Drone, Extractor  
  83  5:38  Extractor  
  82  5:48  Zergling x2, Roach x4  
  82  5:49  Zergling x4  
  93  5:51  Baneling  
  87  6:21  Zergling x26  
  100  6:27  Hatchery  
  100  6:28  Queen, Extractor  
  100  6:29  Infestation Pit, Queen  
  100  6:30  Hatchery  
  100  6:42  Drone x4  
  100  6:43  Drone x2  
  106  6:48  Baneling x4  
  106  6:49  Baneling  
  106  6:50  Overlord  
  106  6:51  Overlord  
  106  6:53  Overlord x2  
  106  6:54  Overlord  
  106  6:56  Overlord  
  106  7:05  Overlord  
  106  7:07  Hive  
  102  7:21  Zergling x2  
  102  7:22  Zergling x20  
  105  7:32  Overlord  
  105  7:34  Drone x5  
  105  7:35  Drone  
  111  7:44  Baneling x6, Overlord  
  111  7:45  Overlord  
  111  7:46  Zerg Ground Armor Level 1  
  111  7:49  Queen, Drone x3  
  111  7:50  Evolution Chamber  
  115  7:56  Drone  
  115  7:58  Drone  
  117  7:59  Overlord  
  117  8:00  Zergling x4  
  117  8:01  Zergling x6  
  122  8:10  Baneling x9  
  122  8:11  Overlord  
  122  8:14  Overseer  
  122  8:18  Zerg Melee Weapons Level 1  
  122  8:19  Adrenal Glands  
  122  8:25  Ultralisk Cavern  
  121  8:30  Overlord x2  
  119  8:42  Extractor  
  119  8:43  Extractor  
  116  8:51  Overlord x2, Viper  
  116  8:52  Viper x2  
  124  9:04  Drone  
  124  9:05  Drone x6  
  124  9:06  Drone x7  
  124  9:07  Overlord x2  
  138  9:21  Spore Crawler  
  138  9:23  Spore Crawler  
  136  9:27  Ultralisk x3  
  136  9:28  Zergling x20  
  164  9:36  Zergling x6  
  164  9:37  Zergling x8  
  157  9:45  Zergling x14  
  140  10:16  Zergling x36  
  158  10:25  Extractor  
  157  10:28  Zergling x2  
  157  10:29  Zergling x14  
  157  10:30  Zerg Ground Armor Level 2, Hatchery  
  157  10:31  Zerg Melee Weapons Level 2  
  157  10:33  Extractor  
  157  10:35  Anabolic Synthesis  
  163  10:40  Baneling x2  
  134  10:50  Zergling x20, Viper  
  134  10:51  Zergling x2  
  118  11:07  Drone x3  
  118  11:08  Drone x3  
  118  11:10  Zergling x2  
  118  11:11  Zergling x14  
  119  11:22  Baneling  
  119  11:23  Baneling x19  
  119  11:24  Baneling x3  
  119  11:31  Chitinous Plating  
  119  11:34  Zergling x18  
  117  11:51  Infestor x7  
  128  11:56  Ravager  
  128  11:57  Roach x4  
  131  12:27  Ultralisk x3  
  131  12:28  Zergling x2, Ultralisk x2  
  135  12:59  Ultralisk x5  
  135  13:00  Zergling x2  
  149  13:05  Zergling x2  
  149  13:06  Zergling x8  
  146  13:20  Hydralisk Den  
  132  13:28  Zergling x38  
  151  13:37  Zerg Ground Armor Level 3  
  151  13:39  Baneling x5  
  151  13:40  Baneling x2  
  151  13:41  Baneling  
  151  13:42  Baneling  
  151  13:52  Muscular Augments  
  151  13:53  Hydralisk x3  
  151  13:54  Hydralisk  
  153  13:56  Hydralisk  
  153  13:59  Hydralisk  
  153  14:01  Hydralisk  
  159  14:03  Hydralisk  
  161  14:10  Hydralisk x2  
  161  14:16  Hydralisk x3  
  152  14:35  Hydralisk x7  
  152  14:36  Hydralisk  
  165  14:44  Hydralisk x3  
  165  14:50  Hydralisk x2  
  162  14:57  Hydralisk x3  
  162  15:04  Zergling x12  
  162  15:05  Zergling x2  
  167  15:14  Hydralisk x4  
  173  15:28  Hydralisk  
  133  15:32  Hydralisk x6  
  138  15:43  Grooved Spines  
  138  15:45  Hydralisk x3  
  131  15:53  Zergling x2  
  131  15:54  Zergling x12  
  132  16:00  Zergling x2  
  132  16:01  Zergling x6  
  130  16:07  Zergling x2  
  129  16:18  Zergling x8  
  129  16:20  Baneling x4  
  132  16:26  Baneling x7  
  132  16:27  Baneling  
  132  16:38  Hatchery  
  132  16:39  Zergling x12  
  139  16:40  Zergling x4  
  139  16:41  Baneling x3  
  139  16:42  Baneling  
  139  16:43  Baneling  
  139  16:44  Baneling x2  
  91  17:23  Zergling x28  
  82  18:13  Zergling x18  
  91  18:26  Extractor  
Show
View Real Time Build Order
Export as new Build Order

ZanyeEast Terran 

Build Orders: Reaper Expand 

Get SALT Encoding   

  12  0:01  SCV  
  13  0:16  Supply Depot  
  13  0:17  SCV  
  14  0:30  SCV  
  15  0:39  Barracks  
  15  0:42  SCV  
  16  0:47  Refinery  
  16  0:54  SCV  
  17  1:06  SCV  
  18  1:18  SCV  
  19  1:30  Orbital Command  
  19  1:33  Reaper  
  20  1:42  Command Center  
  20  1:56  Supply Depot, SCV  
  21  2:09  Factory  
  21  2:12  SCV  
  22  2:22  Barracks Tech Lab, Refinery  
  22  2:24  SCV  
  22  2:25  Bunker  
  23  2:37  SCV  
  24  2:49  SCV  
  25  2:55  Barracks Reactor  
  25  3:01  Orbital Command, Barracks, SCV  
  28  3:05  Hellion  
  28  3:13  SCV  
  28  3:19  Supply Depot  
  29  3:25  SCV  
  32  3:27  Hellion  
  32  3:32  Marine x2  
  35  3:34  SCV  
  35  3:37  SCV  
  35  3:39  Engineering Bay  
  36  3:46  Supply Depot  
  36  3:48  Siege Tank, SCV  
  40  3:50  Barracks Tech Lab  
  40  3:52  SCV  
  41  3:58  Armory  
  41  4:01  Starport  
  41  4:02  SCV  
  42  4:04  SCV  
  42  4:07  Marine  
  42  4:08  Marine  
  45  4:13  Stimpack  
  45  4:14  Marine, SCV  
  45  4:17  Terran Infantry Weapons Level 1  
  47  4:24  SCV  
  47  4:25  Marine  
  47  4:26  Marine  
  50  4:32  SCV  
  50  4:34  Marine  
  50  4:36  SCV  
  53  4:42  Armory  
  53  4:43  Marine  
  53  4:44  SCV  
  53  4:45  Medivac  
  57  4:46  Marine  
  57  4:48  Refinery, SCV  
  59  4:55  Refinery  
  59  4:56  SCV  
  60  5:00  SCV  
  60  5:03  Command Center  
  60  5:04  Marine  
  62  5:10  Supply Depot  
  62  5:13  SCV, Marine x2  
  65  5:23  Marine  
  65  5:24  Siege Tank  
  65  5:28  SCV  
  70  5:32  SCV, Supply Depot, Marine x2  
  73  5:39  Starport Reactor  
  73  5:40  SCV  
  73  5:41  Marine  
  75  5:44  SCV  
  75  5:45  Supply Depot  
  75  5:49  Marine x2  
  76  5:56  Siege Tank  
  81  5:58  Marine  
  82  6:07  Marine x2  
  78  6:16  Marine  
  78  6:17  Medivac x2  
  73  6:22  SCV  
  73  6:23  Orbital Command  
  73  6:25  Marine x2  
  74  6:28  Siege Tank  
  74  6:31  Barracks  
  79  6:34  Marine  
  80  6:43  Marine x2  
  80  6:46  Terran Infantry Armor Level 1  
  82  6:47  Barracks  
  82  6:48  Barracks  
  82  6:54  Engineering Bay, Orbital Command  
  82  6:56  Marine  
  82  7:00  Siege Tank  
  82  7:01  Marine x2  
  88  7:04  SCV  
  88  7:05  SCV  
  90  7:14  Marine  
  91  7:17  SCV x2  
  91  7:18  Liberator  
  91  7:19  Marine x2  
  94  7:23  Marine  
  94  7:28  SCV  
  94  7:29  SCV x2  
  98  7:31  Marine  
  98  7:36  Marine x2  
  105  7:38  Barracks Tech Lab  
  105  7:40  Barracks Tech Lab  
  105  7:41  SCV  
  105  7:42  Barracks Tech Lab  
  105  7:44  Ghost Academy  
  105  7:47  Terran Infantry Weapons Level 2  
  105  7:54  Marine x2  
  105  7:55  Marauder  
  109  8:14  Supply Depot  
  109  8:15  Supply Depot  
  109  8:18  Supply Depot  
  109  8:34  Marine  
  109  8:35  SCV, Marauder x2, Marine x2  
  109  8:38  Marine  
  109  8:39  Siege Tank  
  118  8:52  Marine  
  118  8:53  Marauder x2  
  118  8:54  SCV x2  
  118  8:55  Liberator  
  122  8:56  Refinery, Marine  
  122  8:57  Refinery, Marauder x2  
  122  8:59  Supply Depot  
  122  9:00  Supply Depot  
  127  9:09  Concussive Shells, Combat Shield  
  127  9:10  Marine  
  127  9:13  Marine  
  127  9:14  Marine  
  133  9:20  Marine  
  133  9:21  Marauder x2  
  136  9:27  Marine  
  137  9:31  Marine  
  137  9:32  Marauder  
  137  9:38  Marauder  
  137  9:39  Siege Tank  
  137  9:42  Marauder, Marine  
  137  9:45  Marine  
  145  9:49  Marine  
  142  9:54  Marauder  
  142  9:57  Medivac x2  
  142  9:59  Marine x2  
  131  10:03  Marine x2  
  132  10:07  Marine  
  132  10:10  Liberator x2  
  132  10:11  Siege Tank  
  132  10:15  Marine  
  132  10:16  Terran Infantry Weapons Level 3  
  132  10:17  Supply Depot  
  132  10:18  Marauder x2  
  132  10:21  Marine x2  
  128  10:25  Marine  
  136  10:28  SCV  
  136  10:29  SCV x2  
  136  10:32  Marine  
  140  10:38  Marine x2  
  140  10:39  Marine x2  
  141  10:42  Marine  
  141  10:43  Siege Tank  
  128  10:51  Marauder  
  128  10:56  Marine  
  122  10:57  Marauder x3  
  122  11:00  Marine  
  102  11:10  Medivac  
  103  11:12  Marine  
  103  11:14  Marine  
  103  11:15  Siege Tank  
  103  11:18  Marauder x2, Marine x2  
  113  11:25  Command Center x2  
  114  11:28  Personal Cloaking  
  114  11:30  Marauder  
  114  11:32  Marine  
  117  11:34  Terran Vehicle Weapons Level 1  
  117  11:35  Barracks x2  
  117  11:36  Marine x2  
  117  11:39  Marine x2  
  113  11:47  Liberator  
  113  11:48  Widow Mine  
  113  11:50  Marine  
  113  11:51  Marine  
  113  11:54  Marauder, Marine  
  117  11:57  Marauder, Marine  
  121  12:03  Liberator  
  121  12:08  Marine  
  125  12:09  Widow Mine, Marine  
  125  12:12  Marine  
  125  12:15  Marine x2  
  131  12:19  Marauder  
  136  12:26  Marine  
  136  12:27  Marauder  
  136  12:29  Barracks Tech Lab, Marine  
  132  12:30  Barracks Tech Lab, Liberator  
  132  12:31  Widow Mine  
  132  12:32  Marine  
  132  12:33  Supply Depot, Marine  
  132  12:35  Supply Depot  
  137  12:40  Orbital Command, Marine  
  137  12:43  Marine  
  139  12:47  Marine  
  139  12:48  Marine  
  139  12:50  Marine x2  
  139  12:51  Liberator  
  142  12:52  Widow Mine  
  142  12:57  Marine  
  142  13:01  Marine  
  142  13:05  Marine  
  138  13:06  Marine  
  138  13:08  Ghost, Marine  
  138  13:12  Marine x2  
  147  13:15  Ghost  
  147  13:19  Marine  
  148  13:20  Terran Infantry Armor Level 2  
  148  13:23  Marine x2  
  148  13:26  Marauder  
  150  13:29  Marine x2  
  150  13:32  Orbital Command  
  152  13:37  Marine x2  
  152  13:39  Orbital Command  
  152  13:41  Marine  
  151  13:42  Marauder  
  151  13:44  Marine  
  151  13:55  Marine x2  
  151  13:56  Marauder x2  
  151  14:02  Marine  
  160  14:03  Marauder x2, Marine  
  163  14:13  Marine  
  163  14:14  Marauder  
  166  14:17  Medivac x2, Marauder x2  
  166  14:19  Widow Mine  
  166  14:21  Marauder  
  166  14:23  Ghost  
  180  14:28  Marine  
  180  14:29  Marauder  
  180  14:30  Liberator  
  180  14:31  Marine  
  141  14:35  Marauder  
  142  14:38  Marine  
  142  14:39  Marauder  
  142  14:42  Marine  
  143  14:46  Marine  
  143  14:49  Marine  
  143  14:50  Marauder  
  149  14:53  Marauder  
  149  14:56  Marine x2  
  149  14:59  Orbital Command, Marine  
  148  15:00  Marine  
  148  15:05  SCV x4  
  151  15:12  Marauder  
  147  15:14  Marauder x3  
  147  15:18  Marauder  
  116  15:30  Marine x3  
  116  15:33  Orbital Command, Marauder  
  116  15:35  Marauder, Marine  
  110  15:39  Marine  
  93  15:48  Marine  
  93  15:49  Marauder  
  81  15:54  Marine  
  81  15:56  Marine x2  
  81  15:57  Marine  
  84  15:58  Siege Tank  
  86  16:10  Marauder, SCV x2  
  90  16:12  Marauder  
  90  16:15  Marauder  
  96  16:20  Barracks Tech Lab  
  96  16:21  Orbital Command  
  94  16:28  SCV x2  
  94  16:30  Siege Tank  
  94  16:31  Marine  
  100  16:34  Marauder  
  100  16:36  Marauder  
  100  16:38  Marine  
  100  16:39  Marine  
  106  16:40  SCV x2  
  106  16:42  Barracks  
  106  16:44  Barracks  
  108  16:49  Marine  
  109  16:55  Marauder  
  109  16:56  Marine x2  
  109  16:57  Marine  
  111  17:07  Marauder  
  103  17:10  Siege Tank  
  103  17:14  Marine  
  103  17:15  Marauder, Marine  
  86  17:16  Marine  
  67  17:27  SCV  
  67  17:28  Marine  
  58  17:32  Marine x2  
  58  17:34  Marine  
  58  17:35  SCV  
  58  17:36  Marine  
  63  17:38  SCV  
  63  17:43  Siege Tank  
  67  17:46  Marine  
  67  17:47  SCV  
  67  17:50  Marine x2  
  63  17:51  Marine  
  63  17:53  Marine  
  61  18:03  Marine  
  61  18:04  Marauder, Marine  
  50  18:07  Marine  
  50  18:08  Marine  
  50  18:10  Marauder  
  50  18:11  Marine, SCV  
  39  18:23  SCV  
Tags
 
Add a new tag
Caveats
  • Supply blocks, unpowered buildings, or Contaminate may cause inaccurate times.
  • Supply counts are checked every 10 seconds.